PBL
COLUMBUS REDS @ WINNIPEG GOLDEYES
08/19/2046
 
TOP OF THE 1ST
Columbus Reds batting - Pitching for Winnipeg Goldeyes : RHP Olegário Salsinha
Pitching: RHP Olegário Salsinha
Batting: RHB Alex de Leon 0-0: Called Strike
0-1: Ball
1-1: Ball
2-1: Swinging Strike
2-2: Ball
3-2: Fly out, F8 (Flyball, 89D, EV 88.1 MPH)
Batting: RHB Ernie Maldonado 0-0: Ball
1-0: Foul Ball, location: 2F
1-1: Called Strike
1-2: Ball
2-2: Ball
3-2: Ground out 5-3 (Groundball, 56, EV 94.4 MPH)
Batting: RHB Ben Burkholder 0-0: Ball
1-0: Ball
2-0: Fly out, F8 (Flyball, 8LD, EV 87.5 MPH)
Top of the 1st over - 0 runs, 0 hits, 0 errors, 0 left on base; Columbus 0 - Winnipeg 0
BOTTOM OF THE 1ST
Winnipeg Goldeyes batting - Pitching for Columbus Reds : LHP Gabe Alcantara
Pitching: LHP Gabe Alcantara
Batting: RHB Sergio Gomez 0-0: Ball
1-0: Called Strike
1-1: Ball
2-1: Foul Ball, location: 2F
2-2: Foul Ball, location: 2F
2-2: Foul Ball, location: 2F
2-2: Ball
3-2: SINGLE (Line Drive, 3L, EV 100.0 MPH)
Batting: SHB Rodrigo Mendoza 0-0: Ball
1-0: Ball
2-0: SINGLE (Line Drive, 34, EV 104.4 MPH)
Sergio Gomez to second
Batting: RHB Tim Carter 0-0: Swinging Strike
0-1: Foul Ball, location: 2F
0-2: Ball
1-2: Fielders Choice at 2nd, 6-4 (Groundball, 6, EV 86.9 MPH)
Sergio Gomez to third
Batting: RHB Ryan Starks 0-0: Ball
1-0: Ball
2-0: Foul Ball, location: 2F
2-1: Fly out, F7 (Flyball, 7D, EV 108.1 MPH)
Runner from 3rd tags up, SCORES, throw by LF
Batting: LHB David Ramos 0-0: Ball
1-0: DOUBLE (Flyball, 78D, EV 94.4 MPH)
Tim Carter to third
Runner from 3rd tries for Home, SAFE, no throw by CF
Batting: LHB Jon Ventura 0-0: Foul Ball, location: 2F
0-1: Ball
1-1: Ball
2-1: Swinging Strike
2-2: Strikes out swinging
Bottom of the 1st over - 2 runs, 3 hits, 0 errors, 1 left on base; Columbus 0 - Winnipeg 2
TOP OF THE 2ND
Columbus Reds batting - Pitching for Winnipeg Goldeyes : RHP Olegário Salsinha
Batting: RHB Ed Santibanez 0-0: Ball
1-0: Foul Ball, location: 2F
1-1: Foul Ball, location: 2F
1-2: Ball
2-2: Fly out, F9 (Line Drive, 9S, EV 91.2 MPH)
Batting: SHB Cesar Pelayo 0-0: Called Strike
0-1: Foul Ball, location: 2F
0-2: Foul Ball, location: 2F
0-2: Strikes out swinging
Batting: LHB Jamie Spangenberg 0-0: Called Strike
0-1: Called Strike
0-2: Foul Ball, location: 2F
0-2: Ball
1-2: Ball
2-2: Strikes out looking
Top of the 2nd over - 0 runs, 0 hits, 0 errors, 0 left on base; Columbus 0 - Winnipeg 2
BOTTOM OF THE 2ND
Winnipeg Goldeyes batting - Pitching for Columbus Reds : LHP Gabe Alcantara
Batting: RHB Terry Oetker 0-0: Ball
1-0: Foul Ball, location: 2F
1-1: Swinging Strike
1-2: Ball
2-2: Ball
3-2: Foul Ball, location: 2F
3-2: Foul Ball, location: 2F
3-2: Foul Ball, location: 2F
3-2: Strikes out swinging
Batting: RHB Hisao Takei 0-0: Called Strike
0-1: Ball
1-1: SINGLE (Groundball, 13S, EV 64.4 MPH) (infield hit)
Batting: RHB Nestor Moreno 0-0: Ball
1-0: Swinging Strike
1-1: Ball
2-1: Swinging Strike
2-2: Strikes out swinging
Batting: RHB Sergio Gomez 0-0: Called Strike
0-1: Ball
1-1: Ball
2-1: SINGLE (Groundball, 6MD, EV 100.6 MPH)
Hisao Takei to second
Batting: SHB Rodrigo Mendoza 0-0: Ball
1-0: Ball
2-0: Ball
3-0: Base on Balls
Hisao Takei to third
Sergio Gomez to second
Batting: RHB Tim Carter 0-0: Foul Ball, location: 2F
0-1: Ball
1-1: Ball
2-1: Ball
3-1: Foul Ball, location: 2F
3-2: Fly out, F8 (Line Drive, 78M, EV 92.5 MPH)
Bottom of the 2nd over - 0 runs, 2 hits, 0 errors, 3 left on base; Columbus 0 - Winnipeg 2
TOP OF THE 3RD
Columbus Reds batting - Pitching for Winnipeg Goldeyes : RHP Olegário Salsinha
Batting: RHB Ch'ang-chieh Hsia 0-0: Foul Ball, location: 2F
0-1: Ground out 4-3 (Groundball, 4, EV 88.8 MPH)
Batting: LHB Jose Cruz 0-0: Swinging Strike
0-1: Foul Ball, location: 2F
0-2: Ball
1-2: Foul Ball, location: 2F
1-2: DOUBLE (Flyball, 78D, EV 106.2 MPH)
Batting: LHB Mike Becerra 0-0: Ball
1-0: Foul Ball, location: 2F
1-1: Foul Ball, location: 2F
1-2: Strikes out looking
Batting: RHB Alex de Leon 0-0: Ball
1-0: Called Strike
1-1: Foul Ball, location: 2F
1-2: Strikes out looking
Top of the 3rd over - 0 runs, 1 hit, 0 errors, 1 left on base; Columbus 0 - Winnipeg 2
BOTTOM OF THE 3RD
Winnipeg Goldeyes batting - Pitching for Columbus Reds : LHP Gabe Alcantara
Batting: RHB Ryan Starks 0-0: Ball
1-0: Ball
2-0: Ball
3-0: Called Strike
3-1: Base on Balls
Batting: LHB David Ramos 0-0: Ball
1-0: Ball
2-0: Fielders Choice at 2nd, 4-6 (Groundball, 34, EV 82.5 MPH)
Batting: LHB Jon Ventura 0-0: Called Strike
0-1: Ball
1-1: Ball
2-1: Foul Ball, location: 2F
2-2: Foul Ball, location: 2F
2-2: Strikes out swinging
Batting: RHB Terry Oetker 0-0: Foul Ball, location: 2F
0-1: Ball
1-1: Foul Ball, location: 2F
1-2: Ball
2-2: Fielders Choice at 2nd, 6-4 (Groundball, 56D, EV 85.0 MPH)
Bottom of the 3rd over - 0 runs, 0 hits, 0 errors, 1 left on base; Columbus 0 - Winnipeg 2
TOP OF THE 4TH
Columbus Reds batting - Pitching for Winnipeg Goldeyes : RHP Olegário Salsinha
Batting: RHB Ernie Maldonado 0-0: Called Strike
0-1: Swinging Strike
0-2: Foul Ball, location: 2F
0-2: Ball
1-2: Strikes out swinging
Batting: RHB Ben Burkholder 0-0: Ball
1-0: Ball
2-0: Swinging Strike
2-1: Ball
3-1: Foul Ball, location: 2F
3-2: Base on Balls
Batting: RHB Ed Santibanez 0-0: Foul Ball, location: 2F
0-1: Ball
1-1: Foul Ball, location: 2F
1-2: Ball
2-2: SINGLE (Groundball, 56, EV 95.6 MPH)
Ben Burkholder to second
Batting: SHB Cesar Pelayo 0-0: Ball
1-0: Called Strike
1-1: Ball
2-1: Called Strike
2-2: Ball
3-2: Strikes out swinging
Batting: LHB Jamie Spangenberg 0-0: Called Strike
0-1: Foul Ball, location: 2F
0-2: 3-RUN HOME RUN (Flyball, 9D, EV 99.4 MPH), Distance : 380 ft
Batting: RHB Ch'ang-chieh Hsia 0-0: Ball
1-0: Foul Ball, location: 2F
1-1: Ball
2-1: Ball
3-1: Base on Balls
Batting: LHB Jose Cruz 0-0: Called Strike
0-1: Called Strike
0-2: Ball
1-2: Strikes out swinging
Top of the 4th over - 3 runs, 2 hits, 0 errors, 1 left on base; Columbus 3 - Winnipeg 2
BOTTOM OF THE 4TH
Winnipeg Goldeyes batting - Pitching for Columbus Reds : LHP Gabe Alcantara
Batting: RHB Hisao Takei 0-0: Ball
1-0: Ball
2-0: Ball
3-0: Called Strike
3-1: Base on Balls
Batting: RHB Nestor Moreno 0-0: Ball
1-0: Ball
2-0: Called Strike
2-1: Foul Ball, location: 2F
2-2: Ball
3-2: Base on Balls
Hisao Takei to second
Pitching: RHP Guang Jue
Batting: RHB Sergio Gomez 0-0: Called Strike
0-1: Ball
1-1: Ball
2-1: SINGLE (Line Drive, 56, EV 95.6 MPH)
Hisao Takei to third
Nestor Moreno to second
Batting: SHB Rodrigo Mendoza 0-0: Grounds into double play, 1-2-3 (Groundball, P, EV 72.5 MPH)
Nestor Moreno to third
Sergio Gomez to second
Batting: RHB Tim Carter 0-0: Ball
1-0: Ball
2-0: Ball
3-0: Base on Balls
Batting: RHB Ryan Starks 0-0: Ball
1-0: Called Strike
1-1: Called Strike
1-2: Fly out, F4 (Popup, 3D, EV 53.1 MPH)
Bottom of the 4th over - 0 runs, 1 hit, 0 errors, 3 left on base; Columbus 3 - Winnipeg 2
TOP OF THE 5TH
Columbus Reds batting - Pitching for Winnipeg Goldeyes : RHP Olegário Salsinha
Batting: LHB Mike Becerra 0-0: Swinging Strike
0-1: Ball
1-1: Ball
2-1: Swinging Strike
2-2: Strikes out swinging
Batting: RHB Alex de Leon 0-0: Called Strike
0-1: Ball
1-1: Swinging Strike
1-2: Ball
2-2: Foul Ball, location: 2F
2-2: Ball
3-2: Strikes out swinging
Batting: RHB Ernie Maldonado 0-0: Called Strike
0-1: Ball
1-1: Called Strike
1-2: Ball
2-2: Strikes out swinging
Top of the 5th over - 0 runs, 0 hits, 0 errors, 0 left on base; Columbus 3 - Winnipeg 2
BOTTOM OF THE 5TH
Winnipeg Goldeyes batting - Pitching for Columbus Reds : RHP Guang Jue
Batting: LHB David Ramos 0-0: Ground out 4-3 (Groundball, 4, EV 100.6 MPH)
Batting: LHB Jon Ventura 0-0: Ball
1-0: Called Strike
1-1: Swinging Strike
1-2: Strikes out looking
Pinch Hitting: LHB George Roben 0-0: Called Strike
0-1: Ball
1-1: Ball
2-1: Ball
3-1: Base on Balls
Batting: RHB Hisao Takei 0-0: Ball
1-0: Foul Ball, location: 2F
1-1: Ball
2-1: Foul Ball, location: 2F
2-2: Foul Ball, location: 2F
2-2: Foul Ball, location: 2F
2-2: Ball
3-2: Strikes out swinging
Bottom of the 5th over - 0 runs, 0 hits, 0 errors, 1 left on base; Columbus 3 - Winnipeg 2
TOP OF THE 6TH
Columbus Reds batting - Pitching for Winnipeg Goldeyes : RHP Olegário Salsinha
Now at 1B: Nadhir Umayr
Batting: RHB Ben Burkholder 0-0: Called Strike
0-1: Ball
1-1: Foul Ball, location: 2F
1-2: Strikes out swinging
Batting: RHB Ed Santibanez 0-0: Swinging Strike
0-1: Ball
1-1: Ball
2-1: Foul Ball, location: 2F
2-2: Foul Ball, location: 2F
2-2: Foul Ball, location: 2F
2-2: Foul Ball, location: 2F
2-2: Strikes out looking
Batting: SHB Cesar Pelayo 0-0: Ball
1-0: Ball
2-0: Swinging Strike
2-1: Swinging Strike
2-2: Foul Ball, location: 2F
2-2: Strikes out swinging
Top of the 6th over - 0 runs, 0 hits, 0 errors, 0 left on base; Columbus 3 - Winnipeg 2
BOTTOM OF THE 6TH
Winnipeg Goldeyes batting - Pitching for Columbus Reds : RHP Guang Jue
Pinch Hitting: LHB Bill Lorimer 0-0: Ball
1-0: SOLO HOME RUN (Flyball, 8RXD, EV 106.9 MPH), Distance : 444 ft
Batting: RHB Sergio Gomez 0-0: Ball
1-0: Foul Ball, location: 2F
1-1: SOLO HOME RUN (Flyball, 9D, EV 101.9 MPH), Distance : 390 ft
Batting: SHB Rodrigo Mendoza 0-0: Ball
1-0: DOUBLE (Line Drive, 78D, EV 108.8 MPH)
Batting: RHB Tim Carter 0-0: Ball
1-0: Swinging Strike
1-1: SINGLE (Line Drive, 6D, EV 107.5 MPH)
Rodrigo Mendoza to third
Runner from 3rd tries for Home, SAFE, throw by LF to home
Batting: RHB Ryan Starks 0-0: Called Strike
0-1: Fly out, F8 (Line Drive, 8RD, EV 98.8 MPH)
Batting: LHB David Ramos 0-0: Ball
1-0: Foul Ball, location: 2F
1-1: Foul Ball, location: 2F
1-2: Ball
2-2: Foul Ball, location: 2F
2-2: Foul Ball, location: 2F
2-2: Ball
3-2: Base on Balls
Tim Carter to second
Batting: LHB Jon Ventura 0-0: Called Strike
0-1: Ball
1-1: Ball
2-1: Foul Ball, location: 2F
2-2: Foul Ball, location: 2F
2-2: Ball
3-2: Base on Balls
Tim Carter to third
David Ramos to second
Batting: SHB Nadhir Umayr 0-0: Ball
1-0: Called Strike
1-1: Ball
2-1: Ball
3-1: Called Strike
3-2: SINGLE (Flyball, 34D, EV 95.6 MPH)
Tim Carter scores
David Ramos to third
Jon Ventura to second
Pitching: RHP Jay Harrison
Batting: RHB Hisao Takei 0-0: Called Strike
0-1: Ball
1-1: Ball
2-1: Ball
3-1: Grounds into fielders choice 4-2 (Groundball, 4S, EV 62.5 MPH)
Jon Ventura to third
Nadhir Umayr to second
Batting: LHB Bill Lorimer 0-0: Ball
1-0: Foul Ball, location: 2F
1-1: Ball
2-1: Swinging Strike
2-2: Fly out, F8 (Flyball, 78M, EV 89.4 MPH)
Bottom of the 6th over - 4 runs, 5 hits, 0 errors, 3 left on base; Columbus 3 - Winnipeg 6
TOP OF THE 7TH
Columbus Reds batting - Pitching for Winnipeg Goldeyes : RHP Olegário Salsinha
Pitching: LHP Bobby Shaw
Now in CF: Jose Hilario
Batting: LHB Jamie Spangenberg 0-0: Ball
1-0: Foul Ball, location: 2F
1-1: SINGLE (Groundball, 4MD, EV 96.2 MPH)
Batting: RHB Ch'ang-chieh Hsia 0-0: Foul Ball, location: 2F
0-1: Fly out, F8 (Flyball, 8LM, EV 74.4 MPH)
Batting: LHB Jose Cruz 0-0: Ball
1-0: Ball
Wild Pitch!
Jamie Spangenberg to second
2-0: Foul Ball, location: 2F
2-1: DOUBLE (Flyball, 89D, EV 108.1 MPH)
Jamie Spangenberg scores
Batting: LHB Tim Kirk 0-0: Ball
1-0: Ball
2-0: Hit by Pitch
Batting: RHB Alex de Leon 0-0: Ball
1-0: Grounds into double play, 5-4-3 (Groundball, 5, EV 83.1 MPH)
Top of the 7th over - 1 run, 2 hits, 0 errors, 1 left on base; Columbus 4 - Winnipeg 6
BOTTOM OF THE 7TH
Winnipeg Goldeyes batting - Pitching for Columbus Reds : RHP Jay Harrison
Batting: RHB Sergio Gomez 0-0: Ball
1-0: Called Strike
1-1: Ground out U3 (Groundball, 34, EV 78.1 MPH)
Batting: SHB Rodrigo Mendoza 0-0: Ground out 4-3 (Groundball, 4, EV 100.6 MPH)
Batting: RHB Tim Carter 0-0: Called Strike
0-1: Ball
1-1: Foul Ball, location: 2F
1-2: Strikes out looking
Bottom of the 7th over - 0 runs, 0 hits, 0 errors, 0 left on base; Columbus 4 - Winnipeg 6
TOP OF THE 8TH
Columbus Reds batting - Pitching for Winnipeg Goldeyes : LHP Bobby Shaw
Batting: RHB Ernie Maldonado 0-0: Called Strike
0-1: Foul Ball, location: 2F
0-2: Ball
1-2: Fly out, F9 (Line Drive, 9, EV 89.4 MPH)
Batting: RHB Ben Burkholder 0-0: Called Strike
0-1: Fly out, F8 (Line Drive, 8LD, EV 86.9 MPH)
Batting: RHB Ed Santibanez 0-0: Ball
1-0: Ball
2-0: SINGLE (Line Drive, 7S, EV 109.4 MPH)
Batting: SHB Cesar Pelayo 0-0: Called Strike
0-1: Ball
1-1: Foul Ball, location: 2F
1-2: Ground out 4-3 (Groundball, 4, EV 76.9 MPH)
Top of the 8th over - 0 runs, 1 hit, 0 errors, 1 left on base; Columbus 4 - Winnipeg 6
BOTTOM OF THE 8TH
Winnipeg Goldeyes batting - Pitching for Columbus Reds : RHP Jay Harrison
Batting: RHB Ryan Starks 0-0: Ball
1-0: Ball
2-0: Fly out, F8 (Flyball, 89M, EV 79.4 MPH)
Batting: LHB David Ramos 0-0: Fly out, F6 (Line Drive, 6M, EV 100.0 MPH)
Batting: LHB Jon Ventura 0-0: Ball
1-0: SOLO HOME RUN (Flyball, 7LD, EV 90.6 MPH), Distance : 346 ft
Batting: SHB Nadhir Umayr 0-0: Foul Ball, location: 2F
0-1: Ball
1-1: Swinging Strike
1-2: Ball
2-2: Fly out, F8 (Flyball, 89D, EV 105.6 MPH)
Bottom of the 8th over - 1 run, 1 hit, 0 errors, 0 left on base; Columbus 4 - Winnipeg 7
TOP OF THE 9TH
Columbus Reds batting - Pitching for Winnipeg Goldeyes : LHP Bobby Shaw
Pitching: RHP Jason McCaw
Batting: LHB Jamie Spangenberg 0-0: Foul Ball, location: 2F
0-1: Swinging Strike
0-2: Hit by Pitch
Batting: RHB Ch'ang-chieh Hsia 0-0: SINGLE (Groundball, 4D, EV 105.6 MPH)
Jamie Spangenberg to second
Pinch Hitting: RHB Aaron Barraza 0-0: Ball
1-0: Called Strike
1-1: Ball
2-1: Ball
3-1: Called Strike
3-2: Foul Ball, location: 2F
3-2: Grounds into double play, 4-6-3 (Groundball, 4, EV 92.5 MPH)
Jamie Spangenberg to third
Batting: LHB Tim Kirk 0-0: Ball
1-0: Foul Ball, location: 2F
1-1: Foul Ball, location: 2F
1-2: Fly out, F8 (Line Drive, 8LM, EV 91.9 MPH)
Top of the 9th over - 0 runs, 1 hit, 0 errors, 1 left on base; Columbus 4 - Winnipeg 7
Tuesday, September 13th , 2022 - OOTP Baseball 23.7 Build 88